 Dungeon Crawl Stone Soup version 0.20-a0-217-g17e8ceb (webtiles) character file.

22211 Duffy the Fighter (level 13, -20/107 HPs)
             Began as a Formicid Air Elementalist on Nov 28, 2016.
             Was a High Priest of Cheibriados.
             Demolished by an ettin
             ... wielding a +0 dire flail
              (37 damage)
             ... on level 2 of the Orcish Mines.
             The game lasted 00:36:59 (21591 turns).

Duffy the Fighter (Formicid Air Elementalist)      Turns: 21591, Time: 00:36:59

Health: -20/107    AC: 11    Str: 24    XL:     13   Next: 25%
Magic:  0/20       EV: 22    Int: 29    God:    Cheibriados [*****.]
Gold:   890        SH: 14    Dex: 37    Spells: 13/16 levels left

rFire  + + .     SeeInvis +     D - +9 whip of Untimely Demise {holy, rF+ Str-2 Dex+8}
rCold  + . .     Gourm    .     B - +0 acid dragon scales
rNeg   . . .     Faith    .     q - +0 shield
rPois  .         Spirit   +     (helmet unavailable)
rElec  .         Reflect  .     A - +2 cloak
rCorr  +         Harm     .     (no gloves)
MR     ++...                    e - +0 pair of boots
Stlth  +++.......               f - amulet of guardian spirit
                                k - ring of protection from magic
                                j - ring of protection from fire

@: drained, very slow
A: permanent stasis, dig shafts and tunnels, four strong arms, antennae 3,
hooves 1, yellow scales 1, blurry vision 1, cold resistance 1, deformed body,
dopey 1
a: Dig, Shaft Self, Bend Time, Temporal Distortion, Slouch, Step From Time,
Renounce Religion


You were on level 2 of the Orcish Mines.
You worshipped Cheibriados.
Cheibriados was extremely pleased with you.
You were not hungry.

You visited 2 branches of the dungeon, and saw 14 of its levels.
You also visited: Ossuary.

You collected 1100 gold pieces.
You spent 210 gold pieces at shops.

Inventory:

Hand Weapons
 p - a +1 scimitar of flaming
 z - a cursed +0 battleaxe
 D - the +9 whip of Untimely Demise (weapon) {holy, rF+ Str-2 Dex+8}
   (You found it on level 9 of the Dungeon)

   It has been blessed by the Shining One to cause great damage to the undead
   and demons.
   It affects your strength (-2).
   It affects your dexterity (+8).
   It protects you from fire.
 K - a +3 dire flail of freezing
Missiles
 r - 2 throwing nets {!f}
 y - 9 javelins (quivered)
Armour
 e - a +0 pair of boots (worn)
 q - a +0 shield (worn)
 A - a +2 cloak (worn)
 B - +0 acid dragon scales (worn)
 L - a +0 plate armour
Jewellery
 f - an amulet of guardian spirit (around neck)
 j - a ring of protection from fire (left hand)
 k - a ring of protection from magic (right hand)
Wands
 d - a wand of digging (22/24)
 l - a wand of confusion (25/48)
 G - a wand of acid (0/15)
 I - a wand of flame (25/48)
Scrolls
 b - a scroll of recharging
 i - 2 scrolls of magic mapping
 n - 4 scrolls of fog
 t - 3 scrolls of immolation
 v - a scroll of enchant armour
 x - 3 scrolls of fear
 F - a scroll of vulnerability
Potions
 a - 2 potions of resistance
 m - 3 potions of heal wounds
 o - 7 potions of curing
 u - 2 potions of brilliance
 w - 5 potions of flight
 C - 2 potions of magic
Books
 J - a book of Geomancy

   Spells                             Type                      Level
   a - Sandblast                      Earth                        1
   b - Passwall                       Transmutation/Earth          2
   c - Stone Arrow                    Conjuration/Earth            3
   d - Petrify                        Transmutation/Earth          4
   e - Lee's Rapid Deconstruction     Earth                        5
Miscellaneous
 H - a phantom mirror
Comestibles
 c - 10 bread rations
 g - 10 meat rations
 h - 18 fruits
 E - 4 beef jerkies


   Skills:
 + Level 11.9(11.7) Fighting
 + Level 8.4(8.2) Axes
 - Level 7.8(7.6) Armour
 - Level 8.4(8.2) Dodging
 - Level 2.4(2.2) Stealth
 - Level 9.5(9.3) Shields
 - Level 2.1(2.0) Spellcasting
 - Level 1.0(0.8) Conjurations
 - Level 2.4(2.2) Air Magic
 - Level 10.0(9.8) Invocations


You had 13 spell levels left.
You knew the following spells:

 Your Spells              Type           Power        Failure   Level  Hunger
a - Shock                 Conj/Air       ##..         6%          1    None
b - Repel Missiles        Chrm/Air       #.....       12%         2    ##.....


Dungeon Overview and Level Annotations

Branches:
Dungeon (12/15)            Temple (0/1) D:4            Lair (0/6) D:11
    Orc (2/2) D:12            Elf (0/3) Orc:2

Altars:
Cheibriados
Dithmenos
Elyvilon
Fedhas
Nemelex Xobeh
Okawaru
Vehumet

Shops:
D:6 !   D:11 ((}   Orc:1 *


Innate Abilities, Weirdness & Mutations

You cannot be hasted, slowed, berserked, paralysed or teleported.
You can dig through walls and to a lower floor.
Your four strong arms can wield two-handed weapons with a shield.
You have a pair of large antennae on your head. (SInv)
You have large cloven feet.
You are partially covered in yellow scales. (AC +2)
Scrolls take you a little longer to read.
Your flesh is cold resistant. (rC+)
Armour fits poorly on your strangely shaped body.
You are dopey. (Int -2)


Message History

Anything else - Cancel.
You shout for attention!
You hear two shouts!
An ettin comes into view. It is wielding two dire flails.
The ettin hits you with a dire flail! The ettin hits you but does no damage.
An ettin is nearby!
You hit the ettin.
The ettin is lightly wounded.
The ettin misses you. x2
You whack the ettin!
The ettin is lightly wounded.
You hit the ettin but do no damage.
The ettin is lightly wounded.
The ettin hits you with a dire flail!!! The ettin closely misses you.
You are too injured to fight recklessly!
You are too injured to fight recklessly!
You are too injured to fight recklessly!
You can feel time thicken for a moment.
You feel somewhat more hungry.
Cheibriados lowers the support of your attributes as your movement quickens.
The ettin hits you with a dire flail!! The ettin hits you with a dire flail!!!
You die...

....{. ##....
..#.##..#...
...#........
...#........
##.#...##...#.
##.............
##.#............
#C####...........
##@##............
#####...........
##..........
##.#.......
#...$......
##.........
##........
#.........
###........


You could see an ettin.

Vanquished Creatures
  An ettin (Orc:1)
  A hydra (D:12)
  Erica (D:8)
  2 unseen horrors (D:12)
  2 hill giants
  A deep elf mage (D:7)
  Pikel (D:8)
  An orc sorcerer (Orc:1)
  A cyclops (D:12)
  3 ugly things (D:12)
  Maurice (D:8)
  2 gargoyles (D:12)
  3 hornets
  9 trolls
  A two-headed ogre (D:8)
  2 hippogriffs
  A water elemental (D:11)
  A spriggan (D:7)
  2 wyverns (D:10)
  5 yaks (D:12)
  A vampire (D:10)
  A shadow (D:11)
  3 steam dragons
  3 hungry ghosts
  A warg (Orc:1)
  A water moccasin (D:9)
  An acid dragon (D:11)
  8 orc warriors
  7 ice beasts
  A slave (D:8)
  A black bear (D:12)
  An eye of draining (D:9)
  A phantom (D:10)
  8 ogres
  A necrophage (D:11)
  4 sky beasts
  3 centaurs
  A wolf (D:11)
  8 bullfrogs
  A gnoll sergeant (D:9)
  A water moccasin zombie (D:6)
  5 scorpions
  9 killer bees
  5 electric eels
  4 vampire bats (D:5)
  7 wights
  A howler monkey (D:3)
  5 crimson imps
  4 bullfrog zombies
  2 centaur skeletons
  5 centaur zombies
  2 gnoll shamans
  3 jellies
  15 orc priests
  2 bullfrog skeletons
  13 hounds
  21 orc wizards
  5 iguanas
  Ijyb (D:2)
  10 worker ants
  3 hound skeletons
  A hound zombie (D:5)
  12 mummies (Ossuary)
  Robin (D:2)
  A worker ant zombie (D:6)
  A howler monkey skeleton (D:7)
  23 gnolls
  9 adders
  6 shadow imps
  3 oozes
  2 adder skeletons
  3 worms
  2 dart slugs
  5 leopard geckos
  73 orcs
  7 giant cockroaches
  10 hobgoblins
  9 jackals
  4 quokkas
  A ball python (D:1)
  11 bats
  4 frilled lizards
  3 gnoll skeletons (Ossuary)
  13 goblins
  2 goblin skeletons (Ossuary)
  6 kobolds
  A kobold skeleton (Ossuary)
  2 orc skeletons (Ossuary)
  A quokka skeleton (D:9)
  8 rats
  11 rat skeletons (Ossuary)
455 creatures vanquished.

Vanquished Creatures (others)
  2 slaves (D:8)
  A howler monkey (D:8)
  An adder (D:8)
4 creatures vanquished.

Grand Total: 459 creatures vanquished

Notes
Turn   | Place    | Note
-------+----------+-------------------------------------------
     0 | D:1      | Duffy the Formicid Air Elementalist began the quest for the Orb.
     0 | D:1      | Reached XP level 1. HP: 13/13 MP: 3/3
     7 | D:1      | Reached skill level 1 in Conjurations
   229 | D:1      | Reached skill level 1 in Fighting
   665 | D:1      | Reached XP level 2. HP: 14/21 MP: 5/5
   842 | D:1      | Reached skill level 2 in Fighting
  1314 | D:1      | Reached XP level 3. HP: 13/28 MP: 6/6
  1498 | D:1      | Reached skill level 3 in Fighting
  2218 | D:2      | Reached XP level 4. HP: 37/37 MP: 7/7
  2341 | D:2      | Reached skill level 4 in Fighting
  2609 | D:2      | Found a radiant altar of Vehumet.
  2610 | D:2      | Noticed Ijyb
  2661 | D:2      | Killed Ijyb
  2661 | D:2      | Reached XP level 5. HP: 39/43 MP: 8/8
  2700 | D:2      | Noticed Robin
  2731 | D:2      | Reached skill level 5 in Fighting
  2742 | D:2      | Killed Robin
  3245 | D:2      | Found a snail-covered altar of Cheibriados.
  3256 | D:2      | Became a worshipper of Cheibriados the Contemplative
  3261 | D:2      | Found a blossoming altar of Fedhas.
  3265 | D:2      | Found a sparkling altar of Nemelex Xobeh.
  3675 | D:3      | Reached XP level 6. HP: 52/52 MP: 9/9
  3731 | D:3      | Reached * piety under Cheibriados
  3797 | D:3      | Found a shadowy altar of Dithmenos.
  4025 | D:3      | Reached skill level 2 in Dodging
  4212 | D:3      | Found a faded altar of an unknown god.
  4313 | D:4      | Noticed an ogre
  4327 | D:3      | Reached skill level 6 in Fighting
  4327 | D:3      | Reached skill level 1 in Armour
  4849 | D:4      | Killed an ogre
  4849 | D:4      | Reached XP level 7. HP: 58/58 MP: 10/10
  4850 | D:4      | Reached skill level 2 in Armour
  5069 | D:4      | Found a staircase to the Ecumenical Temple.
  5076 | D:4      | Reached skill level 3 in Dodging
  5219 | D:4      | Reached ** piety under Cheibriados
  5490 | D:4      | Reached skill level 1 in Shields
  6232 | D:4      | Reached skill level 3 in Shields
  6305 | D:5      | Entered Level 5 of the Dungeon
  6415 | D:5      | Reached XP level 8. HP: 65/65 MP: 11/11
  6512 | D:5      | Reached *** piety under Cheibriados
  6522 | D:5      | Reached skill level 4 in Dodging
  6577 | D:5      | Reached skill level 5 in Dodging
  7338 | D:5      | Reached skill level 6 in Dodging
  7408 | D:5      | Reached **** piety under Cheibriados
  7559 | D:5      | Found a white marble altar of Elyvilon.
  7817 | D:5      | Learned a level 2 spell: Repel Missiles
  7985 | D:6      | Found a sand-covered staircase.
  7995 | Ossuary  | Entered an ossuary
  8043 | Ossuary  | Reached XP level 9. HP: 68/71 MP: 12/12
  8222 | Ossuary  | Reached skill level 3 in Armour
  8455 | Ossuary  | Reached ***** piety under Cheibriados
  8949 | D:6      | Reached skill level 1 in Invocations
  9221 | D:6      | Reached skill level 7 in Fighting
  9221 | D:6      | Reached skill level 2 in Invocations
  9264 | D:6      | Reached skill level 4 in Armour
  9392 | D:6      | Found Naryser's Distillery.
  9402 | D:6      | Bought a potion of might for 48 gold pieces
  9402 | D:6      | Bought a potion of mutation for 30 gold pieces
  9502 | D:6      | Reached skill level 3 in Invocations
  9790 | D:6      | Bought 2 potions of curing for 72 gold pieces
  9790 | D:6      | Bought a potion of heal wounds for 60 gold pieces
 10030 | D:7      | Reached skill level 4 in Invocations
 10038 | D:7      | Reached skill level 5 in Armour
 10050 | D:7      | Noticed a deep elf mage
 10057 | D:7      | Killed a deep elf mage
 10057 | D:7      | Reached skill level 8 in Fighting
 10057 | D:7      | Reached skill level 5 in Invocations
 10124 | D:7      | Reached XP level 10. HP: 80/80 MP: 13/13
 10157 | D:7      | Reached skill level 6 in Armour
 10594 | D:7      | Reached skill level 6 in Invocations
 11163 | D:8      | Noticed Erica
 11187 | D:8      | Killed Erica
 11187 | D:8      | Reached skill level 8 in Invocations
 11427 | D:8      | Noticed Pikel
 11448 | D:8      | Killed Pikel
 11448 | D:8      | Reached skill level 9 in Invocations
 11465 | D:8      | Noticed Maurice
 11479 | D:8      | Killed Maurice
 11479 | D:8      | Reached skill level 10 in Invocations
 11846 | D:8      | Reached skill level 4 in Shields
 12098 | D:8      | Reached skill level 5 in Shields
 12369 | D:9      | Got a bone whip
 12370 | D:9      | Identified the +9 whip of Untimely Demise {holy, rF+ Str-2 Dex+8} (You found it on level 9 of the Dungeon)
 12445 | D:9      | Reached skill level 6 in Shields
 12445 | D:9      | Reached XP level 11. HP: 81/87 MP: 18/18
 13152 | D:9      | Reached ****** piety under Cheibriados
 13152 | D:9      | Reached skill level 7 in Shields
 13647 | D:9      | Reached skill level 8 in Shields
 13723 | D:10     | Entered Level 10 of the Dungeon
 13937 | D:10     | Reached skill level 9 in Shields
 14202 | D:10     | Noticed a hill giant
 14211 | D:10     | Killed a hill giant
 14343 | D:10     | Reached skill level 7 in Dodging
 15050 | D:11     | Found Moiph's Weapon Emporium.
 15094 | D:10     | Reached skill level 9 in Fighting
 15388 | D:11     | Reached skill level 7 in Armour
 15696 | D:11     | Found Veb Jyuf's Gadget Boutique.
 15759 | D:11     | Found Ozaxiduh's Weapon Shop.
 16039 | D:11     | Noticed a hill giant
 16050 | D:11     | Killed a hill giant
 16050 | D:11     | Reached skill level 1 in Axes
 16123 | D:11     | Found a staircase to the Lair.
 16155 | D:11     | Noticed a red ugly thing
 16519 | D:11     | Reached skill level 2 in Axes
 17041 | D:11     | Reached XP level 12. HP: 95/95 MP: 19/19
 17114 | D:10     | Reached skill level 8 in Dodging
 17873 | D:8      | Reached skill level 3 in Axes
 17923 | D:8      | Found an iron altar of Okawaru.
 18280 | D:12     | Gained mutation: You are dopey. (Int -2) [mutagenic meat]
 18281 | D:12     | Gained mutation: You are clumsy. (Dex -2) [mutagenic meat]
 18282 | D:12     | Gained mutation: You are partially covered in yellow scales. (AC +2) [mutagenic meat]
 18448 | D:12     | Reached skill level 4 in Axes
 18502 | D:12     | Found a staircase to the Orcish Mines.
 18829 | D:12     | Noticed an unseen horror
 18868 | D:12     | Killed an unseen horror
 18868 | D:12     | Reached skill level 5 in Axes
 19050 | D:12     | Reached skill level 10 in Fighting
 19344 | D:12     | Reached skill level 6 in Axes
 19365 | D:12     | Gained mutation: Armour fits poorly on your strangely shaped body. [mutagenic meat]
 19366 | D:12     | Gained mutation: Your flesh is cold resistant. (rC+) [mutagenic meat]
 19367 | D:12     | Gained mutation: Scrolls take you a little longer to read. [mutagenic meat]
 19368 | D:12     | Lost mutation: You are clumsy. (Dex -2) [mutagenic meat]
 19371 | D:12     | Gained mutation: You have large cloven feet. [mutagenic meat]
 19769 | D:12     | Noticed an unseen horror
 19797 | D:12     | Killed an unseen horror
 20003 | D:12     | Reached skill level 7 in Axes
 20015 | D:12     | Reached skill level 11 in Fighting
 20021 | D:12     | Noticed a five-headed hydra
 20035 | D:12     | Killed a five-headed hydra
 20035 | D:12     | Reached XP level 13. HP: 38/106 MP: 8/20
 20513 | Orc:1    | Entered Level 1 of the Orcish Mines
 20712 | Orc:1    | Noticed an ettin
 20734 | Orc:1    | Killed an ettin
 20734 | Orc:1    | Reached skill level 8 in Axes
 21106 | Orc:1    | Found Quodi's Assorted Antiques.
 21467 | Orc:2    | Entered Level 2 of the Orcish Mines
 21507 | Orc:2    | Found a staircase to the Elven Halls.
 21587 | Orc:2    | Noticed an ettin
 21591 | Orc:2    | Demolished by an ettin

Vault maps used:
D:1:      ncdulo_smallfort
D:2:      vehumet_crystals, minmay_overflow_temple_star_quad, uniq_iyjb,
          uniq_robin
D:3:      nicolae_overflow_crystal_walls, chequers_ecumenical_altar_island,
          first_bread
D:5:      roderic_batcave, lemuel_statue_altar
D:6:      nicolae_ossuary_entry_ruins, serial_shops, shop
D:7:      the_bakery, guppyfry_early_elven_hall
D:8:      marbit_many_paths, hex_large, hangedman_abyss_or_decor_passed,
          uniq_pikel, uniq_maurice, uniq_erica
D:11:     erik_lair_island, serial_shops, shop, nicolae_shop_crystal, shop
D:12:     hiddenorc2_lemuel
Orc:1:    serial_shops, shop
Orc:2:    grunt_orc_cross
Ossuary:  ossuary_due_small_catacomb

Skill      XL: |  1  2  3  4  5  6  7  8  9 10 11 12 13 |
---------------+----------------------------------------+-----
Conjurations   | 1 |  1.0
Fighting       | 1 2 3 4 5 6 8 9 11 | 11.9
Dodging        | 2 3 6 7 8 |  8.4
Armour         | 1 2 5 6 7 |  7.8
Shields        | 3 6 9 |  9.5
Invocations    | 5 10 | 10.0
Axes           | 2 7 8 |  8.4
Stealth        | |  2.4
Spellcasting   | |  2.1
Air Magic      | |  2.4

Action                   |  1- 3 |  4- 6 |  7- 9 | 10-12 | 13-15 || total
-------------------------+-------+-------+-------+-------+-------++-------
Melee: Mace              |   118 |   381 |   183 |       |       ||   682
       Whip              |       |       |   417 |   854 |   144 ||  1415
       Scimitar          |       |       |       |    94 |       ||    94
Throw: Javelin           |       |       |     8 |       |       ||     8
 Cast: Shock             |     3 |       |       |       |       ||     3
Invok: Slouch            |       |       |       |     8 |     2 ||    10
 Abil: Dig               |     8 |    19 |    13 |    30 |     4 ||    74
Evoke: Wand              |       |       |       |     4 |       ||     4
  Use: Scroll            |       |     9 |    14 |     4 |       ||    27
       Potion            |       |     3 |     2 |       |     2 ||     7
 Stab: Sleeping          |     1 |       |       |       |     1 ||     2
       Invisible         |       |       |     9 |       |       ||     9
       Distracted        |       |       |       |     2 |     1 ||     3
  Eat: Chunk             |     6 |     9 |     8 |    31 |     2 ||    56
       Beef jerky        |       |       |     2 |       |       ||     2
       Pizza             |       |       |     1 |     1 |       ||     2
       Royal jelly       |       |       |     1 |       |       ||     1
       Meat ration       |       |       |     1 |       |     1 ||     2
Armor: Scale mail        |    60 |   268 |    69 |       |       ||   397
       Skin              |       |    20 |     2 |       |       ||    22
       Chain mail        |       |       |   150 |   128 |       ||   278
       Acid dragon scale |       |       |       |    31 |     8 ||    39
       Plate armour      |       |       |       |    54 |       ||    54
Dodge: Dodged            |    68 |   236 |   302 |   574 |    48 ||  1228
Block: Buckler           |       |       |   128 |    45 |       ||   173
       Shield            |       |       |       |   684 |   102 ||   786
       Rpst.: Scimitar   |       |       |       |    23 |       ||    23
